 Dungeon Crawl Stone Soup version 0.16.1-14-g82efdee (webtiles) character file.

200 KarvaRausku the Spear-Bearer (level 5, -8/41 HPs)
             Began as a Merfolk Gladiator on Apr 11, 2015.
             Killed from afar by an orc wizard (12 damage)
             ... with a puff of flame
             ... on level 3 of the Dungeon.
             The game lasted 00:07:49 (1635 turns).

KarvaRausku the Spear-Bearer (Merfolk Gladiator)    Turns: 1635, Time: 00:07:49

Health: -8/41      AC:  5    Str: 16    XL:     5   Next: 79%
Magic:  5/5        EV: 14    Int: 12    God:
Gold:   101        SH:  0    Dex: 15    Spells: 0 memorised, 4 levels left

rFire  . . .     SeeInvis .     w - +0 trident
rCold  . . .     Clarity  .     b - +0 leather armour
rNeg   . . .     SustAb   .     (no shield)
rPois  .         Gourm    .     c - +0 helmet
rElec  .         Spirit   .     (no cloak)
rCorr  .         Warding  .     (no gloves)
rMut   .         Stasis   .     n - +0 pair of boots
MR     .....                    i - amulet of regeneration
Stlth  +.........               (no ring)
                                (no ring)

@: brilliant, not resistant to hostile enchantments, very unstealthy
A: change form in water, swift swim
a: no special abilities


You were on level 3 of the Dungeon.
You were hungry.

You visited 1 branch of the dungeon, and saw 3 of its levels.

You collected 101 gold pieces.

Inventory:

Hand weapons
 a - a +0 trident
 g - a +0 spear of piercing
 w - a +0 trident (weapon)
Missiles
 d - 3 throwing nets (quivered)
Armour
 b - a +0 leather armour (worn)
 c - a +0 helmet (worn)
 n - a +0 pair of boots (worn)
Jewellery
 e - an uncursed amulet of clarity
 i - an amulet of regeneration (around neck)
Magical devices
 o - a wand of slowing (21)
Scrolls
 m - 7 scrolls of identify {unknown}
 s - a scroll of fog {unknown}
 t - a scroll of teleportation {unknown}
 u - 2 scrolls of remove curse {unknown}
 v - a scroll of immolation {unknown}
 x - a scroll of amnesia {unknown}
Potions
 j - a potion of cancellation {unknown}
 k - a potion of restore abilities {unknown}
 l - a potion of heal wounds {unknown}
 z - a potion of brilliance
Books
 q - a book of Spatial Translocations

   Spells                             Type                      Level
   a - Apportation                    Translocation                1
   b - Blink                          Translocation                2
   c - Shroud of Golubria             Charms/Translocation         2
   d - Portal Projectile              Translocation                3
   e - Teleport Other                 Translocation                3
   f - Passage of Golubria            Translocation                4
Comestibles
 f - 2 bread rations
 h - 3 meat rations
 p - a chunk of flesh
 r - 2 fruits


   Skills:
 + Level 3.1 Fighting
 * Level 8.1 Polearms
 - Level 2.0 Throwing
 + Level 4.6 Dodging


You had 4 spell levels left.
You didn't know any spells.

Dungeon Overview and Level Annotations

Branches:
Dungeon (3/15)

Altars:
Cheibriados


Message History

You throw a throwing net.
The throwing net closely misses the orc wizard.
The throwing net hits the hobgoblin.
The orc wizard barely misses you.
The hobgoblin struggles against the net.
The orc wizard hits you with a dagger.
The orc wizard gestures at you while chanting.
The puff of flame hits you!
* * * LOW HITPOINT WARNING * * *
The hobgoblin struggles against the net.
The hobgoblin struggles against the net.
The orc wizard gestures at you while chanting.
The puff of flame hits you!
* * * LOW HITPOINT WARNING * * *
Drink which item? (? for menu, Esc to quit)
It was a potion of brilliance.
You feel clever all of a sudden.
The hobgoblin struggles against the net.
The orc wizard gestures at you while chanting.
The puff of flame hits you!
You die...

######### #.###.
#.......# ##+###..##.
#.#####.# ........##.
##.#####.## #........
#.........# #.###.##.
#..#####.>#######.###.##.
#..# #..#...........##.
#.o#####..#.#####.#######
#.gg..o.@.#.# #.#
#.#######.#.## #.# #.#
#....####.# #.#
#.........# #)#
##...###### #.#### ##.##
#.).o# #.######### ####.#
#.......... #)#
###########


You could see an orc wizard, an orc and 2 hobgoblins.

Vanquished Creatures
  2 orc priests (D:3)
  2 orc wizards (D:2)
  2 adders
  A gnoll (D:1)
  5 orcs
  4 giant cockroaches
  14 hobgoblins
  6 kobolds
  A quokka (D:2)
  4 bats
  3 giant newts (D:2)
  8 goblins
  3 rats
55 creatures vanquished.

Notes
Turn   | Place    | Note
--------------------------------------------------------------
     0 | D:1      | KarvaRausku, the Merfolk Gladiator, began the quest for the Orb.
     0 | D:1      | Reached XP level 1. HP: 16/16 MP: 1/1
    92 | D:1      | Reached skill level 5 in Polearms
    95 | D:1      | Reached XP level 2. HP: 19/22 MP: 2/2
   598 | D:2      | Reached XP level 3. HP: 23/27 MP: 3/3
   637 | D:2      | Reached skill level 6 in Polearms
   672 | D:2      | Found a snail-covered altar of Cheibriados.
  1085 | D:2      | Reached skill level 7 in Polearms
  1085 | D:2      | Reached XP level 4. HP: 33/33 MP: 4/4
  1272 | D:2      | Reached XP level 5. HP: 22/39 MP: 5/5
  1576 | D:3      | Reached skill level 8 in Polearms
  1635 | D:3      | Killed from afar by an orc wizard

Action                   |  1- 3 |  4- 6 || total
-------------------------+-------+-------++-------
Melee: Trident           |   116 |    96 ||   212
Throw: Throwing net      |       |     3 ||     3
  Use: Potion            |       |     1 ||     1
 Stab: Sleeping          |     1 |       ||     1
  Eat: Chunk             |     1 |     2 ||     3
